[Event "MPL-4 Indian Chess Tour 2022"]
[Site "Chess24"]
[Date "2022.09.27"]
[Round "8.4"]
[White "Adhiban, B.."]
[Black "Aronyak Ghosh"]
[Result "0-1"]
[ECO "D27"]
[WhiteElo "2603"]
[BlackElo "2519"]
[Annotator "TA"]
[PlyCount "128"]
[EventDate "2022.09.29"]
[EventType "tourn (rapid)"]
[EventCountry "NET"]
[SourceTitle "playchess.com"]
[Source "ChessBase"]
[SourceQuality "1"]
[WhiteTeam "India"]
[BlackTeam "India"]
[WhiteTeamCountry "IND"]
[BlackTeamCountry "IND"]
[TimeControl "900+10"]

1. d4 d5 2. c4 dxc4 3. Nf3 Nf6 4. e3 e6 5. Bxc4 c5 6. O-O Nc6 7. a3 a6 8. dxc5 Qxd1 9. Rxd1 Bxc5 10. b4 Be7 11. Bb2 O-O 12. Nbd2 {[%emt 0:00:30] D27: Queen's Gambit Accepted: Classical main line: 7 e4!? and 7 a4.} Bd7 13. Nb3 Rfd8 14. Rac1 {[%emt 0:00:01] White has an edge.} Be8 15. Be2 Rxd1+ 16. Bxd1 {[%emt 0:00:00] [#]} Nd7 $146 ({Predecessor:} 16... Ne4 17. Ne1 Rd8 18. Nd4 Bf6 19. Nxc6 Bxb2 20. Nxd8 Bxc1 21. Nxb7 Bxa3 22. Nc2 Bb2 {½-½ (54) Del Rio de Angelis,S (2527)-Cifuentes Parada,R (2518) Arenal d'en Castell 2011}) 17. Nfd4 Nde5 18. Nxc6 Nxc6 19. Bf3 Rd8 20. h3 f6 21. Nd4 Nxd4 22. Bxd4 Bc6 23. Bxc6 Rc8 $1 {[%emt 0:00:02][%mdl 64] [#] Pin} 24. Kf1 Rxc6 25. Rxc6 bxc6 $14 {[%emt 0:00:00][%mdl 4096] Endgame KB-KB} 26. Ke2 Kf7 27. Kd3 e5 28. Bb6 Ke6 29. Kc4 Kd7 30. Bc5 Bd8 31. Bf8 g6 32. Kc5 e4 33. Kd4 (33. a4 $14) 33... f5 $11 34. Ke5 Bh4 (34... h5 $11) 35. g3 $16 Bd8 36. Bc5 Bg5 37. h4 Bd8 38. a4 a5 $2 (38... Bc7+ $16 {is a better chance.} 39. Kf6 Bd8+ 40. Kf7 Bc7) 39. Bf8 $2 ({Better is} 39. bxa5 $18 Bxa5 40. Kf6) 39... Ke8 $1 $11 40. Bd6 Kf7 {[%emt 0:00:24] Hoping for ...Bf6+.} 41. Kd4 Ke6 42. Bf8 h5 43. Bc5 Bf6+ 44. Kc4 Bd8 $2 {[%emt 0:00:00][%mdl 8192] [#]} (44... axb4 $11 45. Bxb4 Kd7) 45. b5 $2 (45. bxa5 $1 $18 {Strongly threatening a6.} Bxa5 46. Bb4) 45... Kd7 (45... cxb5+ $2 46. Kxb5 (46. axb5 Kd7 $11) 46... Kd7 47. Bb6 $18) 46. Bd4 g5 47. hxg5 Bxg5 48. Bc3 cxb5+ 49. Kxb5 h4 50. gxh4 Bxh4 51. Be5 (51. Be1 $11 {remains equal.}) 51... Bxf2 $17 52. Bf4 Be1 53. Kc5 Ke6 {[%emt 0:00:05] ( -> ...Kf7)} 54. Kc6 $2 (54. Kc4 $17) 54... Kf6 {[%emt 0:00:12] Black mates.} 55. Kd5 Bc3 56. Kd6 Bd2 57. Kd5 Kg6 58. Ke6 Bc3 59. Ke7 Kh5 60. Ke6 Kg4 61. Bc7 Bd2 62. Bb6 f4 63. exf4 Kxf4 64. Kd5 e3 {[%emt 0:00:02] Both players deserved the win here.  Weighted Error Value: White=0.37/Black=0.31} 0-1

[Event "MPL-4 Indian Chess Tour 2022"]
[Site "Chess24"]
[Date "2022.09.27"]
[Round "8.5"]
[White "Karthikeyan, Murali"]
[Black "Bharath Subramaniyam H"]
[Result "1/2-1/2"]
[ECO "B92"]
[WhiteElo "2623"]
[BlackElo "2495"]
[Annotator "TA"]
[PlyCount "159"]
[EventDate "2022.09.29"]
[EventType "tourn (rapid)"]
[EventCountry "NET"]
[SourceTitle "playchess.com"]
[Source "ChessBase"]
[SourceQuality "1"]
[WhiteTeam "India"]
[BlackTeam "India"]
[WhiteTeamCountry "IND"]
[BlackTeamCountry "IND"]
[TimeControl "900+10"]

1. e4 c5 2. Nf3 d6 3. d4 cxd4 4. Nxd4 Nf6 5. Nc3 a6 6. Be2 e5 7. Nb3 Be7 8. Be3 Be6 9. O-O O-O 10. Qd3 Nbd7 11. Nd5 Bxd5 12. exd5 Rc8 13. c4 a5 14. Rac1 a4 15. Na1 Nc5 16. Qb1 Nfd7 17. b4 axb3 18. axb3 Bg5 19. Bxg5 Qxg5 20. b4 Na6 21. Qb2 e4 22. Nc2 Ne5 23. Nd4 Nc7 24. Qb3 {[%emt 0:00:50] [#]} (24. Qb1 $14) 24... Ng6 (24... Nxd5 $1 $17 {Strongly threatening ...Nf4.} 25. h4 Qh6) 25. Qg3 $14 Qd2 26. Rfd1 Qxb4 27. Rb1 Qc5 28. Nf5 Rcd8 (28... Ne8 $16 {was necessary.}) 29. h4 $1 $18 ({Resist} 29. Rxb7 $6 Ne8 $16) 29... Ne8 30. Rxb7 $2 (30. h5 $1 $18 Ne5 31. Rb5 (31. Rxb7 Ra8 $18)) 30... Qc8 $11 31. Ne7+ Nxe7 32. Rxe7 Nf6 33. Rb1 Rd7 (33... Qa6 $11 {feels stronger.}) 34. Rxd7 $14 Qxd7 35. Qf4 Qc7 36. g4 Re8 37. g5 Nd7 38. h5 e3 39. fxe3 Qa7 40. Kf2 Nc5 41. Rf1 (41. h6 $11 {should be considered.}) 41... Ne4+ (41... Re5 $1 $15) 42. Kg2 $11 Qe7 43. g6 hxg6 44. hxg6 fxg6 45. Bg4 Nc5 46. Bf3 (46. Qg3 $11) 46... Nd3 $1 $17 47. Qd4 $2 (47. Qg3 $17 {is the only way for White.}) 47... Qxe3 $2 (47... Qg5+ $19 {has better winning chances.} 48. Bg4 Rxe3 49. Qxe3 Qxe3 50. Be6+ Kh7 51. Rh1+ Qh6 $3 ) 48. Qxe3 $17 Rxe3 49. Bg4 Nc5 50. Be6+ Nxe6 51. dxe6 Rxe6 52. Rd1 Kf7 53. Rd5 Kf6 54. c5 ({White should play} 54. Kf3) 54... dxc5 $17 ({Reject} 54... Re2+ $6 55. Kf3 Re6 56. cxd6 $11) 55. Rxc5 {[%emt 0:00:00] [#]} g5 (55... Re3 $142 $1) 56. Kf3 $17 Re5 57. Rc8 Rf5+ 58. Kg4 Rf4+ 59. Kg3 Kg6 60. Rb8 Rd4 61. Ra8 Re4 62. Rb8 Re6 63. Ra8 Re4 64. Rb8 $1 g4 (64... Rc4 $17) 65. Rb5 $1 $11 Kf6 66. Ra5 $1 Kg6 67. Rb5 Kh6 68. Ra5 g6 69. Rb5 $1 Rc4 70. Ra5 Kg7 71. Rb5 $1 Re4 72. Ra5 Kf6 73. Rb5 g5 74. Rb8 Kf5 75. Rf8+ Kg6 76. Rg8+ Kh5 77. Rh8+ Kg6 78. Rg8+ Kf5 79. Rf8+ Kg6 80. Rg8+ 1/2-1/2

[Event "MPL-4 Indian Chess Tour 2022"]
[Site "Chess24"]
[Date "2022.09.27"]
[Round "8.6"]
[White "Pranav, V."]
[Black "Vaibhav, Suri"]
[Result "1-0"]
[ECO "D02"]
[WhiteElo "2530"]
[BlackElo "2600"]
[Annotator "TA"]
[PlyCount "89"]
[EventDate "2022.09.29"]
[EventType "tourn (rapid)"]
[EventCountry "NET"]
[SourceTitle "playchess.com"]
[Source "ChessBase"]
[SourceQuality "1"]
[WhiteTeam "India"]
[BlackTeam "India"]
[WhiteTeamCountry "IND"]
[BlackTeamCountry "IND"]
[TimeControl "900+10"]

1. d4 d5 2. Bf4 e6 3. e3 Bd6 4. Nf3 Nf6 5. Nbd2 O-O 6. c3 {[%emt 0:00:29] D02: 1 d4 d5 2 Nf3 sidelines, including 2...Nf6 3 g3 and 2...Nf6 3 Bf4.} c5 7. Bd3 Qc7 8. Bxd6 {[%emt 0:02:20] The position is equal.} Qxd6 9. Ne5 Nfd7 10. f4 (10. Qh5 g6 11. Qh4 (11. Qg5 $2 f6 $19) 11... Nxe5 12. dxe5 Qxe5 $15) 10... f5 11. g4 {[%emt 0:00:39] [#] White has more active pieces.} Nxe5 $146 ({Predecessor:} 11... cxd4 12. exd4 Qe7 13. O-O fxg4 14. Qxg4 Nf6 15. Qh4 Nc6 16. Nxc6 bxc6 17. Bxh7+ Kf7 {1-0 (41) Hambleton,A (2454)-Batsiashvili,N (2472) Chess.com INT 2022}) 12. fxe5 Qe7 13. h4 f4 14. Qe2 Nc6 15. a3 (15. g5 $5 Qe8 16. O-O $11) 15... Bd7 16. Nf3 fxe3 17. Qxe3 cxd4 $1 18. cxd4 Rac8 (18... Qf7 $1 $11 {keeps the balance.} 19. O-O Qf4 20. Qxf4 Rxf4 21. Bxh7+ Kh8) 19. Ng5 ({Better is} 19. O-O $16) 19... h6 $11 20. Nh7 {[%emt 0:00:06] Strongly threatening g5.} Rf7 21. g5 Qd8 $2 {[%emt 0:00:01][%mdl 8192] [#]} (21... Nb4 $1 $11) 22. g6 (22. gxh6 Qa5+ 23. Qd2 Qxd2+ 24. Kxd2 Nxd4 $16) (22. Nf6+ $1 $18 Kh8 23. Bg6 gxf6 24. gxf6) 22... Rf5 $16 (22... Qa5+ $2 23. b4 Qb6 24. gxf7+ $18) 23. h5 $2 (23. Bxf5 $16 exf5 24. Rh2) 23... Qa5+ $1 $11 24. Kd1 $2 ({Don't blunder} 24. b4 $2 Nxb4 25. Bxf5 Nc2+ 26. Ke2 Nxe3 $19) (24. Qd2 $1 $11 {and White is okay.}) 24... Qa4+ $19 25. Bc2 {[%emt 0:00:08] [#]} Qxd4+ (25... Nxd4 $1 $19 26. Bxa4 Bxa4+ 27. Kd2 Nf3+ 28. Qxf3 (28. Ke2 $2 Rc2+ 29. Kd3 Nxe5+ 30. Qxe5 Rxe5 $19) 28... Rxf3) 26. Qxd4 $17 Nxd4 27. Bxf5 exf5 ({Much weaker is} 27... Nxf5 $6 28. Rc1 Bc6 29. Kd2 $11) 28. a4 {[%emt 0:00:34] [#]} (28. Rb1 $142) 28... f4 (28... Nb3 $1 $17 29. Rb1 f4) 29. Ra3 $15 Bg4+ (29... a5 $17 30. Rh4 Ne6) 30. Kd2 $11 Nf3+ 31. Kd3 $2 (31. Rxf3 $1 $11 Bxf3 32. Rh4) 31... Nxe5+ $19 32. Kd4 Nf3+ 33. Kxd5 Ng5 $2 (33... Rd8+ $19 34. Kc5 Nd2) 34. Nxg5 $16 hxg5 {[%emt 0:00:00][%mdl 4096] Endgame KRR-KRB} 35. Rg1 Bxh5 36. Rxg5 Be2 (36... Bd1 {was necessary.} 37. Rf5 f3) 37. Ke4 Rc4+ 38. Kd5 {[%emt 0:00:01] Hoping for Re5.} Rc8 {[%emt 0:00:26] Threatens to win with ...f3.} 39. Ke4 (39. Rc3 $18 Rf8 40. Rh3) 39... Rc4+ $11 40. Kd5 {[%emt 0:00:01] Black must now prevent Re5.} Rc6 $2 (40... Rc8 $11 {and Black stays safe.} 41. Rf5 f3) 41. Re5 $18 {[%emt 0:00:16][%cal Re5e8] White is clearly winning.} Bc4+ 42. Kd4 Kf8 {[%emt 0:00:11] Inhibits Re8+.} 43. Rf3 Bf7 (43... Be6 $142 44. Rc5 Rd6+ 45. Ke5 Ke7 46. Rxf4 Rd7) 44. gxf7 Rf6 45. Ke4 {[%emt 0:00:03] Weighted Error Value: White=0.59/Black=0.60} 1-0

[Event "MPL-4 Indian Chess Tour 2022"]
[Site "Chess24"]
[Date "2022.09.27"]
[Round "8.7"]
[White "Puranik, Abhimanyu"]
[Black "Mitrabha, Guha"]
[Result "0-1"]
[ECO "A07"]
[WhiteElo "2603"]
[BlackElo "2471"]
[Annotator "TA"]
[PlyCount "58"]
[EventDate "2022.09.29"]
[EventType "tourn (rapid)"]
[EventCountry "NET"]
[SourceTitle "playchess.com"]
[Source "ChessBase"]
[SourceQuality "1"]
[WhiteTeam "India"]
[BlackTeam "India"]
[WhiteTeamCountry "IND"]
[BlackTeamCountry "IND"]
[TimeControl "900+10"]

1. Nf3 d5 2. g3 Bg4 3. Bg2 Nd7 4. h3 Bh5 5. c4 c6 6. cxd5 {[%emt 0:00:05] A07: Réti Opening: New York and Capablanca Systems.} cxd5 7. d4 e6 8. O-O {[%emt 0:00:01] The position is equal.} Ngf6 9. Nc3 Be7 10. Qb3 Qb6 {[%emt 0:00:02] [#]} (10... Bxf3 $5 11. Bxf3 Nb6 $14) 11. Bf4 $146 ({Predecessor:} 11. Qxb6 Nxb6 12. Ne5 Bb4 13. g4 Bxc3 14. bxc3 Bg6 15. c4 Nxc4 16. Nxc4 dxc4 17. Bxb7 {½-½ (31) Ganguly,S (2630)-Sindarov,J (2571) Sharjah 2021}) 11... O-O 12. Rfc1 Rfc8 13. Ne5 Nxe5 (13... Qxd4 14. Nxd7 Nxd7 15. Qxb7 $16) 14. dxe5 Nd7 15. e4 (15. Qxb6 $11 {remains equal.} axb6 16. g4) 15... d4 $17 {[%emt 0:00:49] White must now prevent ...Qxb3.} 16. Qxb6 axb6 (16... Nxb6 $17 17. Nb5 g5) 17. Nb5 $15 g5 18. Bd2 d3 $36 {[%emt 0:01:08][%mdl 2048] Black has the initiative.} 19. Bc3 (19. Rxc8+ $11 Rxc8 20. Bc3) 19... Be2 {[%emt 0:00:29][%cal Od3d2] aiming for ...d2! Black is much more active.} (19... Rc5 $5 20. Nd4 Rd8 $15) 20. Nd4 Bh5 21. g4 Bg6 22. Nf5 Bf8 (22... exf5 23. exf5 Rc7 24. fxg6 $11) 23. Nd6 Rc7 24. h4 (24. Rd1 $142) 24... h6 (24... h5 $17 25. Bf1 (25. hxg5 hxg4 26. Kf1 Be7 $17) (25. gxh5 Bxh5 26. hxg5 Nxe5 $17) 25... d2 26. Bxd2 Rxc1 27. Bxc1 (27. Rxc1 $2 Nxe5 28. Bb4 Nf3+ 29. Kh1 hxg4 $19) 27... hxg4 28. Bxg5 Nxe5) 25. h5 {[%emt 0:00:39] [#]} Bh7 26. a3 {[%emt 0:00:22] [#]} (26. Rd1 $17 {keeps fighting.}) 26... Bg7 $1 $19 27. Bf1 (27. Bd4 {was worth a try.} Rxc1+ 28. Rxc1) 27... Nxe5 {[%emt 0:00:56] Black has a decisive advantage.} ({Inferior is} 27... Bxe5 28. Nb5 Rxc3 29. Nxc3 $17) 28. Rd1 Rd8 ({And not} 28... Nxg4 29. Bxg7 Kxg7 30. Bxd3 $17) 29. Nb5 Rc5 $2 {[%emt 0:00:03] Weighted Error Value: White=0.29 (precise) /Black=0.13 (very precise)} (29... Rcd7 $19 30. Bxe5 Bxe5) 0-1

[Event "MPL-4 Indian Chess Tour 2022"]
[Site "Chess24"]
[Date "2022.09.27"]
[Round "8.8"]
[White "Aditya Mittal"]
[Black "Sethuraman, S.P."]
[Result "0-1"]
[ECO "D43"]
[WhiteElo "2485"]
[BlackElo "2638"]
[Annotator "TA"]
[PlyCount "76"]
[EventDate "2022.09.29"]
[EventType "tourn (rapid)"]
[EventCountry "NET"]
[SourceTitle "playchess.com"]
[Source "ChessBase"]
[SourceQuality "1"]
[WhiteTeam "India"]
[BlackTeam "India"]
[WhiteTeamCountry "IND"]
[BlackTeamCountry "IND"]
[TimeControl "900+10"]

1. d4 d5 2. c4 c6 3. Nf3 Nf6 4. Nc3 e6 5. Bg5 h6 6. Bh4 dxc4 7. e4 g5 8. Bg3 b5 9. Be2 Bb7 10. h4 g4 11. Ne5 Nbd7 {[%emt 0:00:01] D43: Semi-Slav: 5 Bg5 h6.} 12. Nxd7 Qxd7 13. Be5 Be7 (13... Qe7 $11) 14. Qc1 c5 15. Qf4 cxd4 16. Bxf6 {[%emt 0:00:38] [#]} O-O-O $146 (16... Rg8 $11 {and Black has nothing to worry.}) ({Predecessor:} 16... Rg8 17. Rd1 Bxf6 18. Qxf6 Rd8 19. Qe5 d3 20. a3 a5 21. Nxb5 Bxe4 22. Qxe4 Qxb5 23. Bxg4 d2+ {½-½ (23) Skowronek,J (2014)-Dimitrova,M ICCF email 2015}) 17. Bxh8 $18 Rxh8 18. Rd1 (18. Qxg4 dxc3 19. bxc3 Bf6 $14) (18. Qe5 f6 19. Qxb5 dxc3 20. Qxc4+ Kb8 21. Qxc3 Rc8 22. Qg3+ Qd6 23. Qxd6+ (23. Qxg4 f5 $16) (23. Bxg4 Qxg3 24. fxg3 Rc2 $16) 23... Bxd6 24. Bxg4 Bxe4 $18) 18... Rd8 19. O-O ({Not} 19. Qxg4 b4 20. Nb1 (20. Bxc4 bxc3 21. bxc3 Qc7 $16) 20... d3 $18) (19. Qxf7 Bb4 20. Qg6 (20. Qxd7+ Rxd7 21. Bxg4 dxc3 $16) 20... dxc3 $18) (19. Qxh6 Qc6 $16) 19... d3 20. Bxg4 Rg8 21. Bh3 Bd6 22. Qxh6 Be5 23. Qh5 f6 24. Qf3 b4 $2 {[%emt 0:00:06] [#]} (24... Kb8 25. a3 a6) 25. Nd5 $1 f5 26. Qe3 Kb8 27. Nxb4 fxe4 28. Qc5 Bc7 29. Rc1 (29. g3 $142) 29... e3 $2 (29... Rc8 30. Qg5 (30. Qxc4 Qd6 $16) (30. Rxc4 $2 Bh2+ 31. Kh1 Rxc5 $19) 30... Qd6) 30. Qxe3 $4 (30. fxe3 $18 a5 31. Rxc4 axb4 32. Rd4) 30... Qd6 $19 {[%emt 0:00:02][%csl Gc7][%cal Rd6h2] [#]} 31. g3 Bb6 {[%emt 0:00:10] ( -> ...Rxg3+). This bishop pair is nice.} 32. Na6+ Bxa6 (32... Ka8 $142 33. Bg2 Bxe3 34. Bxb7+ Kxb7) 33. Qe4 Bb7 {[%emt 0:00:13] Black mates.} 34. Qxb7+ Kxb7 35. Bg2+ Kb8 36. Kh1 d2 37. Rcd1 Qd3 38. Kh2 Qe2 {[%emt 0:00:09] Black used his chance.  Weighted Error Value: White=0.93/Black=0.72} 0-1

[Event "MPL-4 Indian Chess Tour 2022"]
[Site "Chess24"]
[Date "2022.09.27"]
[Round "9.1"]
[White "Sethuraman, S.P."]
[Black "Raja Harshit"]
[Result "0-1"]
[ECO "B51"]
[WhiteElo "2638"]
[BlackElo "2459"]
[Annotator "TA"]
[PlyCount "82"]
[EventDate "2022.09.29"]
[EventType "tourn (rapid)"]
[EventCountry "NET"]
[SourceTitle "playchess.com"]
[Source "ChessBase"]
[SourceQuality "1"]
[WhiteTeam "India"]
[BlackTeam "India"]
[WhiteTeamCountry "IND"]
[BlackTeamCountry "IND"]
[TimeControl "900+10"]

1. e4 c5 2. Nf3 d6 3. Bb5+ Nd7 4. d4 cxd4 5. Qxd4 a6 6. Be2 {[%emt 0:00:02] B51: Sicilian: Moscow Variation (3 Bb5+) without 3...Bd7.} Ngf6 7. O-O e5 8. Qe3 {[%emt 0:00:02] The position is equal.} Nc5 9. Nfd2 Be7 10. c4 O-O 11. Nc3 {[%emt 0:00:01] [#]} a5 $146 (11... Bd7 $11) ({Predecessor:} 11... b5 12. cxb5 axb5 13. Bxb5 Bb7 14. Bc4 Ne6 15. b3 Nd4 16. Qd3 Ne6 17. Rd1 Qc8 {½-½ (31) Adams,M (2700)-Vitiugov,N (2731) London 2021}) 12. b3 Be6 13. h3 h6 14. Rd1 Nfd7 15. Bf1 Qb6 16. Rb1 Bg5 17. Qe1 f5 18. exf5 (18. Ba3 $14) 18... Bxf5 $11 19. Nd5 Qa7 20. Nf3 Bxc1 (20... Bxb1 $11 21. Bxg5 Bc2) 21. Rbxc1 $16 {[%emt 0:00:22] aiming for Ne7+.} Rae8 {[%emt 0:00:45] Against Ne7+} (21... Bxh3 $14 22. Be2 Be6) 22. Nc7 $1 Re7 23. Nb5 Qb8 24. Nxd6 (24. Rxd6 $16 Bxh3 25. a3 (25. Qxa5 Ne4 $16)) 24... Bxh3 $1 $11 25. Nh4 {[%emt 0:00:18] Black must now prevent Ng6.} Re6 {[%emt 0:00:50] Against Ng6} 26. Nb5 (26. Ne4 $11 Bg4 27. f3) 26... Qd8 (26... Bg4 $1 $17 27. f3 Bh5 28. Qxa5 g5) 27. f3 (27. Rc3 $1 $11 Bg4 28. f3) 27... Rf4 $15 28. g3 {[%emt 0:00:44][%mdl 8192] [#] This costs White the game.} (28. gxh3 $15 Rxh4 29. Rc2) 28... Rxh4 $1 $19 29. gxh4 Rg6+ 30. Kh2 Bxf1 31. Rc3 {[%emt 0:00:47] [#]} Rg2+ (31... Qf8 $142 $1 32. Rd2 {[#]} Qf5 $1 33. Qxf1 Qf4+ 34. Kh1 Qxd2) 32. Kh1 Rxa2 33. Qg3 Be2 34. Rg1 Qf6 35. Re3 e4 36. Nc3 Bxf3+ 37. Rxf3 exf3 38. Nxa2 Ne4 {[%emt 0:00:03] Black mates.} 39. Qh2 f2 40. Rf1 Qf3+ 41. Qg2 Ng3+ {[%emt 0:00:00] Weighted Error Value: White=1.04/Black=0.40} 0-1

[Event "MPL-4 Indian Chess Tour 2022"]
[Site "Chess24"]
[Date "2022.09.27"]
[Round "9.2"]
[White "Mitrabha, Guha"]
[Black "Aditya Mittal"]
[Result "1-0"]
[ECO "A13"]
[WhiteElo "2471"]
[BlackElo "2485"]
[Annotator "TA"]
[PlyCount "151"]
[EventDate "2022.09.29"]
[EventType "tourn (rapid)"]
[EventCountry "NET"]
[SourceTitle "playchess.com"]
[Source "ChessBase"]
[SourceQuality "1"]
[WhiteTeam "India"]
[BlackTeam "India"]
[WhiteTeamCountry "IND"]
[BlackTeamCountry "IND"]
[TimeControl "900+10"]

1. Nf3 Nf6 2. c4 e6 3. e3 d5 4. b3 c5 5. Bb2 Nc6 6. cxd5 exd5 7. Bb5 Bd6 8. O-O O-O {[%emt 0:00:04] A13: English Opening: 1...e6.} 9. d4 cxd4 10. Bxc6 bxc6 {[%emt 0:00:04] Black has an edge.} 11. Qxd4 Re8 12. Nbd2 {[%emt 0:00:32] [#]} Bb7 $146 ({Predecessor:} 12... Qe7 13. Rac1 Bd7 14. Qh4 Ne4 15. Qxe7 Rxe7 16. Nxe4 Rxe4 17. Bd4 a5 18. Bc5 Bc7 {1-0 (46) Puranik,A (2604)-Fridman,D (2626) Warsaw 2021}) 13. Rfd1 Qe7 ({Black should play} 13... c5 $15 14. Qh4 Nd7) 14. Rac1 a5 15. Qh4 Ne4 (15... Nd7 $11) 16. Qxe7 $14 Rxe7 17. Nd4 Nxd2 18. Rxd2 Rc7 19. Rdc2 Rac8 20. Bc3 Ra8 21. a4 Ba3 (21... Bf8 $11) 22. Bb2 $16 Bf8 23. h3 {[%emt 0:02:40] White is more active.} (23. Nxc6 $16 {Strongly threatening h3.} Bxc6 24. Rxc6) 23... Ra6 $1 $11 24. Nb5 Rd7 25. Nd4 $36 {[%emt 0:00:01][%cal Rd4c6,Bb5d4,Bd4f3,Bf3e5][%mdl 2080] White is pushing.} Rc7 26. Nf3 Rc8 27. Ne5 Rb6 28. Bd4 Rxb3 29. Nxc6 {[%emt 0:00:02][%cal Oc6e7] Black must now prevent Ne7+!} Rxc6 (29... Ra8 $1 $14) 30. Rxc6 $16 Bxc6 31. Rxc6 $11 {[%emt 0:00:02][%mdl 4096] Endgame aiming for Rc8. KRB-KRB} f6 32. Rc8 Kf7 {[%emt 0:00:05] [#]} 33. Rd8 (33. Bc5 $1 $16 Bxc5 34. Rxc5) 33... Bb4 34. Rxd5 Ra3 35. Rd7+ Kg6 (35... Kf8 $11) 36. g4 Rxa4 37. Kg2 Ra2 38. h4 h5 $1 39. gxh5+ Kh6 40. e4 Bd2 {[%emt 0:00:41] Inhibits Be3+.} 41. Kf3 a4 42. Bc5 ({Better is} 42. Ra7 $14) 42... Kxh5 43. Rxg7 Rc2 {[%emt 0:00:15] [#]} (43... Kxh4 $11 {remains equal.} 44. Rf7 Kg5) 44. Bd4 $1 $16 {[%emt 0:00:28] And now Rh7+ would win. White stays focused until the end.} Be1 $2 (44... Rc6 $16) 45. Ra7 $18 Ra2 (45... Kxh4 $142 46. Bxf6+ Kh5) 46. Rb7 $2 (46. Rh7+ $18 Kg6 47. Rb7) 46... Rd2 $2 (46... Ra3+ $1 $14 47. Kf4 Bd2+ 48. Kf5 Rf3+ 49. Ke6 a3) 47. Rb5+ Kg6 48. h5+ Kf7 49. Rb7+ Ke6 $2 (49... Kg8 $18) 50. Bc5 f5 51. Re7+ Kf6 52. e5+ Kg5 53. Be3+ Kxh5 54. Bxd2 Bxd2 {[%emt 0:00:00] KR-KB} 55. Ra7 Bc3 56. e6 Kg6 57. Rxa4 Kf6 58. Ra6 Bd4 59. Ke2 Bc5 60. Rc6 (60. Kd3 $142 Bxf2 61. Kc4 Bg3 62. Kd5 Ke7 63. Ra7+ Ke8 64. Rg7 Bf4 65. Rf7) 60... Be7 61. f4 {[%emt 0:00:13] White mates.} Ba3 62. Kd3 Bb4 63. Kc4 Bd2 64. Kd5 Bxf4 65. Rc4 Bg3 66. Rc3 Bf4 67. Rf3 Bg5 68. Kd6 f4 69. Rb3 Kg6 70. Ke5 Kg7 71. Rb7+ Kg6 72. Rb8 Kg7 73. Kd6 f3 74. Rb3 f2 75. Rf3 Bh4 76. e7 {[%emt 0:00:08] Weighted Error Value: White=0.18 (very precise) /Black=0.52} 1-0

[Event "MPL-4 Indian Chess Tour 2022"]
[Site "Chess24"]
[Date "2022.09.27"]
[Round "9.3"]
[White "Vaibhav, Suri"]
[Black "Puranik, Abhimanyu"]
[Result "0-1"]
[ECO "E60"]
[WhiteElo "2600"]
[BlackElo "2603"]
[Annotator "TA"]
[PlyCount "53"]
[EventDate "2022.09.29"]
[EventType "tourn (rapid)"]
[EventCountry "NET"]
[SourceTitle "playchess.com"]
[Source "ChessBase"]
[SourceQuality "1"]
[WhiteTeam "India"]
[BlackTeam "India"]
[WhiteTeamCountry "IND"]
[BlackTeamCountry "IND"]
[TimeControl "900+10"]

1. d4 Nf6 2. c4 g6 3. f3 c5 4. d5 Bg7 5. e4 d6 6. Bd3 {[%emt 0:00:01] E60: King's Indian: Unusual lines and Fianchetto Variation without Nc3.} e6 7. Ne2 O-O 8. O-O {[%emt 0:00:03] The position is equal.} exd5 9. cxd5 a6 10. a4 Nbd7 11. Nec3 {[%emt 0:00:08] [#]} Nh5 $146 ({Predecessor:} 11... Rb8 12. Na3 Ne8 13. Be3 Ne5 14. Be2 f5 15. Qd2 Nf6 16. exf5 gxf5 17. Nc4 Nxc4 18. Bxc4 {1-0 (33) Vukelic,T (2273)-Jovanic,O (2313) Pula 2000}) 12. g4 Bd4+ 13. Kh1 $1 Ng7 14. Ne2 Ne5 15. Nxd4 cxd4 16. Be2 f5 17. exf5 gxf5 {[%emt 0:00:02][%cal Od4d3] [#] Strongly threatening ...d3!} 18. g5 $1 f4 19. Qxd4 Qxg5 (19... Nh5 $1 $14) 20. Rg1 $16 Qh4 21. Nd2 (21. Nc3 $16) 21... Bf5 $14 22. Nc4 {[%emt 0:00:46][%cal Og1g7] Black must now prevent Rxg7+!} Rae8 {[%emt 0:00:05][%cal Oe5g4] Hoping for ...Ng4!} 23. Nxd6 (23. Bd2 $14 {keeps the upper hand.} Rf6 24. Raf1 (24. Qxf4 $2 Ng4 $19) (24. Bxf4 Nxc4 25. Bxc4 Rg6 $14)) 23... Ng4 $1 $40 {[%emt 0:00:27][%mdl 128] Black mounts an attack.} 24. Rxg4 $4 {[%emt 0:05:02][%mdl 8192] White does not recover from this.} ({Don't go for} 24. fxg4 $2 Rxe2 25. Bxf4 {[#]} Be4+ $1 26. Nxe4 Rxf4 27. Nf6+ Rxf6 $19) ({White must play} 24. Qxg7+ $1 $15 Kxg7 25. Nxf5+ Rxf5 26. Rxg4+ Qxg4 27. fxg4 Rxd5 28. Bf3 Re1+ 29. Kg2) 24... Bxg4 $19 {[%emt 0:00:05] Really sharp!} 25. Nxe8 Rxe8 26. Bxf4 $2 (26. Be3 Rxe3 27. fxg4 Rxe2 28. Qxf4) 26... Rxe2 27. Qd3 {[%emt 0:00:13] Weighted Error Value: White=0.46/Black=0.06 (flawless)} 0-1

[Event "MPL-4 Indian Chess Tour 2022"]
[Site "Chess24"]
[Date "2022.09.27"]
[Round "9.4"]
[White "Bharath Subramaniyam H"]
[Black "Pranav, V."]
[Result "1-0"]
[ECO "D00"]
[WhiteElo "2495"]
[BlackElo "2530"]
[Annotator "TA"]
[PlyCount "35"]
[EventDate "2022.09.29"]
[EventType "tourn (rapid)"]
[EventCountry "NET"]
[SourceTitle "playchess.com"]
[Source "ChessBase"]
[SourceQuality "1"]
[WhiteTeam "India"]
[BlackTeam "India"]
[WhiteTeamCountry "IND"]
[BlackTeamCountry "IND"]
[TimeControl "900+10"]

1. d4 d5 2. Nc3 Nf6 3. Bf4 g6 4. Nb5 Na6 5. e3 Bg7 6. Nf3 {[%emt 0:00:08] D00: 1 d4 d5: Unusual lines.} c6 7. Nc3 Qb6 8. Rb1 {[%emt 0:00:29][%cal Ob2b4] The position is equal.} Bf5 {[%emt 0:01:34] [#]} 9. Bd3 $146 ({Predecessor:} 9. a3 O-O 10. h3 c5 11. Bd3 cxd4 12. exd4 Bxd3 13. Qxd3 Nb8 14. O-O Nbd7 15. Rfe1 {0-1 (52) Kierzek,M (1978)-Chevelevitch,E (2417) Bregenz 2019}) 9... Bxd3 10. cxd3 O-O 11. b4 Nb8 12. O-O {[%emt 0:01:21] White is more active.} Nh5 13. Be5 f6 $2 {[%emt 0:00:07][%mdl 8192] [#] Loses the game.} (13... Nd7 $14) 14. Bxb8 $18 Raxb8 15. g4 g5 16. gxh5 g4 (16... Qd8 $142 17. Ne2 Qd7) 17. Nh4 f5 18. Ne2 {[%emt 0:00:04] Weighted Error Value: White=0.03 (flawless) /Black=0.60} 1-0